Map: Lost Temple

Players

Vaethin

  • Race: Terran Terran
  • League: Gold
  • Spawn Location: 9:00

A.I. 1 (Medium) - Winner!

  • Race: Zerg Zerg
  • Spawn Location: 3:00

VOD

Have the link to the VOD?

Description

Time

  • Played on: Dec. 30, 2016, 6:32 p.m.
  • Length: 5:22
Show
View Real Time Build Order
Export as new Build Order

Vaethin Terran 

Build Orders: Cyclone Opening 

Get SALT Encoding   

  12  0:01  SCV  
  13  0:13  SCV  
  14  0:19  Supply Depot  
  14  0:25  SCV  
  15  0:29  Refinery  
  15  0:40  SCV  
  16  0:46  Barracks  
  16  0:52  SCV  
  17  1:00  Refinery  
  17  1:04  SCV  
  18  1:16  SCV  
  19  1:29  SCV  
  20  1:33  Supply Depot  
  20  1:40  Reaper  
  20  1:41  Orbital Command  
  21  1:53  Factory  
  21  2:06  SCV  
  22  2:12  Reaper  
  23  2:26  SCV  
  24  2:37  Cyclone  
  24  2:38  SCV  
  24  2:42  Supply Depot  
  28  2:45  Starport  
  28  2:47  Barracks Tech Lab  
  28  2:51  SCV  
  29  3:00  Supply Depot  
  29  3:10  Hellion  
  31  3:30  SCV  
  32  3:41  Command Center  
  32  3:48  Raven  
  32  3:55  Barracks Reactor  
  34  4:01  Factory Tech Lab  
  34  4:20  Siege Tank  
  37  4:41  Viking x2  
  41  4:51  Marauder  
Show
View Real Time Build Order
Export as new Build Order

A.I. 1 (Medium) Zerg - Winner!

Build Orders: Pool Only 

Get SALT Encoding   

  12  0:01  Drone  
  13  0:12  Overlord  
  13  0:18  Drone  
  14  0:30  Drone  
  14  0:33  Drone  
  16  0:43  Spawning Pool  
  16  0:45  Drone  
  16  0:50  Drone  
  16  0:53  Extractor  
  16  0:55  Drone  
  17  1:06  Overlord  
  17  1:31  Zergling x2, Queen  
  20  1:37  Zergling x2  
  20  1:38  Drone  
  20  1:39  Roach Warren  
  21  1:40  Extractor  
  20  1:49  Drone  
  21  1:55  Baneling Nest  
  21  2:00  Drone  
  21  2:10  Drone  
  22  2:21  Zergling x2  
  23  2:32  Zergling x2  
  24  2:38  Zergling x2, Overlord  
  25  2:44  Zergling x2  
  25  2:50  Zergling x2  
  27  2:55  Zergling x2  
  28  3:01  Baneling  
  28  3:02  Baneling x2  
  28  3:05  Zergling x2  
  29  3:11  Zergling x2, Overlord  
  30  3:17  Zergling x2  
  31  3:22  Baneling  
  31  3:23  Zergling x2, Baneling  
  32  3:29  Zergling x2, Baneling  
  33  3:35  Evolution Chamber  
  33  3:39  Drone  
  33  3:42  Drone  
  33  3:45  Drone  
  35  3:48  Drone  
  35  3:53  Drone  
  38  4:02  Drone  
  38  4:13  Drone  
Tags
 
Add a new tag
Caveats
  • Supply blocks, unpowered buildings, or Contaminate may cause inaccurate times.
  • Supply counts are checked every 10 seconds.